 Dungeon Crawl Stone Soup version 0.26-a0-1139-g7d2dc893a1 (webtiles) character file.

Game seed: 16393464715172363392

15 sahdkjhfkaj the Ducker (level 2, -3/17 HPs)
             Began as a Tengu Earth Elementalist on Dec 21, 2020.
             Slain by a goblin
             ... wielding a +0 club
              (4 damage)
             ... on level 1 of the Dungeon.
             The game lasted 00:00:47 (671 turns).

sahdkjhfkaj the Ducker (Tengu Earth Elementalist)    Turns: 671, Time: 00:00:48

Health: -3/17      AC:  2    Str:  8    XL:     2   Next: 50%
Magic:  6/6        EV: 12    Int: 15    God:
Gold:   5          SH:  0    Dex: 14    Spells: 4/5 levels left

rFire    . . .     SeeInvis .   (no weapon)
rCold    . . .     Faith    .   (no shield)
rNeg     . . .     Spirit   .   c - +0 robe
rPois    .         Reflect  .   (helmet restricted)
rElec    .         Harm     .   (no cloak)
rCorr    .         Rampage  .   (no gloves)
Will     .....                  (boots unavailable)
Stlth    ++........             (no amulet)
HPRegen  0.05/turn              (no ring)
MPRegen  0.10/turn              (no ring)

@: no status effects
A: beak, talons 3
a: no special abilities


You were on level 1 of the Dungeon.
You visited 1 branch of the dungeon, and saw 1 of its levels.

You collected 5 gold pieces.

Inventory:

Missiles
 b - 45 stones (quivered)
Armour
 c - a +0 robe (worn)
Jewellery
 d - an uncursed ring of flight {unknown}
Scrolls
 a - a scroll of remove curse {unknown}
 e - a scroll of blinking {unknown}
 f - a scroll of teleportation {unknown}


   Skills:
 + Level 2.1 Fighting
 - Level 2.1 Dodging
 - Level 2.0 Stealth
 - Level 2.0 Spellcasting
 - Level 0.7 Transmutations
 - Level 2.1 Earth Magic


You had 4 spell levels left.
You knew the following spells:

 Your Spells              Type           Power        Failure   Level
a - Sandblast             Erth           16%          9%          1

Your spell library contained the following spells:

 Spells                   Type           Power        Failure   Level
 Passwall                 Tmut/Erth      4%           19%         2
 Stone Arrow              Conj/Erth      8%           38%         3
 Petrify                  Tmut/Erth      5%           77%         4
 Lee's Rapid Deconstruct  Erth           4%           94%         5


Dungeon Overview and Level Annotations

Branches:
Dungeon (1/15)

Altars:


Innate Abilities, Weirdness & Mutations

You have a beak for a mouth.
You have claws for feet.


Message History

You hit the bat. You claw the bat.
You kill the bat!
Your Fighting skill increases to level 2!
You hit the rat.
You kill the rat!
You barely miss the kobold. You peck the kobold.
The kobold is heavily wounded.
The kobold completely misses you.
You closely miss the kobold.
The kobold is heavily wounded.
The kobold barely misses you.
You hit the kobold.
The kobold is severely wounded.
The kobold hits you with a +0 short sword.
* * * LOW HITPOINT WARNING * * *
You hit the kobold but do no damage. You peck the kobold.
You kill the kobold!
You hit the goblin but do no damage. Your kick misses the goblin.
The goblin hits you with a +0 club.
You die...

....... ....... .......
....... ....... .......
##### #####.......
##...####@gBB.......
########.........##g.......
..............#####........
.######.......# #........
>.#####.......#. #...)....
............>... #........
................. ..!......
#.###)........###..........
#.#...#.......#


You could see 2 giant cockroaches and 2 goblins.

Vanquished Creatures
  A dart slug (D:1)
  2 giant cockroaches (D:1)
  2 goblins (D:1)
  A hobgoblin (D:1)
  2 kobolds (D:1)
  2 bats (D:1)
  2 rats (D:1)
12 creatures vanquished.

Notes
Turn   | Place    | Note
-------+----------+-------------------------------------------
     0 | D:1      | sahdkjhfkaj the Tengu Earth Elementalist began the quest
                  | for the Orb.
     0 | D:1      | Reached XP level 1. HP: 10/10 MP: 4/4
   282 | D:1      | Reached skill level 1 in Fighting
   293 | D:1      | Reached XP level 2. HP: 8/16 MP: 0/6
   671 | D:1      | Slain by a goblin

Illustrated notes

Levels and vault maps discovered:
D:1:      lightli_arrival_farm, layout_rooms, chequers_serial_rivers_large_b

Skill      XL: |  1  2 |
---------------+-------+-----
Fighting       | 1 2 |  2.1
Dodging        | |  2.1
Stealth        | |  2.0
Spellcasting   | |  2.0
Transmutations | |  0.7
Earth Magic    | |  2.1

Action                   || total
-------------------------++-------
Melee: Unarmed           ||    49
       Kick              ||     9
       Peck              ||     6
Throw: Stone             ||     1
 Cast: Sandblast         ||     3
Armor: Robe              ||    17
Dodge: Dodged            ||    34

Table legend: (Time is in decaauts)
 A = Elapsed time spent in this place.
 B = Non-inter-level travel time spent in this place.
 C = Inter-level travel time spent in this place.
 D = Time resting spent in this place.
 E = Time spent auto-exploring this place.
 F = Levels seen in this place.
 G = Mean time per level.
                   A        B        C        D        E       F      G
               +--------+--------+--------+--------+--------+-----+--------+
         Total |    671 |    671 |      0 |    296 |    278 |   1 |  671.0 |
       Dungeon |    671 |    671 |      0 |    296 |    278 |   1 |  671.0 |
               +--------+--------+--------+--------+--------+-----+--------+

Top non-repeatable levels by time:
     D:1: 671 daAuts
